Map: Port Aleksander LE

Players

Neeb - Winner!

  • Race: Protoss Protoss
  • League: Grandmaster
  • Spawn Location: 5:00

MCanning

  • Race: Protoss Protoss
  • Spawn Location: 11:00

Event: 2019 WCS Winter Americas

VOD

Have the link to the VOD?

Description

Time

  • Played on: Feb. 16, 2019, noon
  • Length: 8:58

All games in this series

Show
View Real Time Build Order
Export as new Build Order

Neeb Protoss - Winner!

Build Orders: Phoenix Opening, Zealot Archon 

Get SALT Encoding   

  12  0:00  Probe  
  13  0:12  Probe  
  14  0:17  Pylon  
  14  0:24  Probe  
  15  0:32  Probe  
  15  0:38  Gateway  
  15  0:40  Probe  
  16  0:47  Assimilator  
  17  0:51  Probe  
  17  0:55  Assimilator  
  18  0:59  Probe  
  19  1:07  Probe  
  19  1:09  Gateway  
  19  1:17  Probe  
  21  1:26  Cybernetics Core  
  21  1:30  Probe  
  22  1:38  Pylon  
  22  1:43  Probe  
  23  1:54  Warp Gate  
  23  1:56  Probe  
  24  2:04  Stalker, Sentry  
  24  2:08  Probe  
  29  2:17  Pylon  
  29  2:31  Sentry  
  29  2:35  Stalker  
  33  2:42  Shield Battery  
  33  2:54  Nexus  
  33  3:02  Probe  
  34  3:06  Phoenix  
  34  3:07  Shield Battery  
  34  3:13  Sentry  
  34  3:15  Probe  
  34  3:17  Pylon  
  37  3:23  Probe  
  37  3:31  Probe  
  38  3:34  Robotics Facility  
  39  3:43  Probe  
  39  3:46  Forge  
  40  3:55  Probe  
  41  4:06  Probe  
  41  4:07  Stalker, Sentry, Probe  
  47  4:11  Immortal  
  51  4:25  Pylon  
  51  4:30  Adept  
  51  4:35  Phoenix  
  50  4:40  Stalker  
  50  4:42  Probe  
  50  4:43  Observer  
  54  4:45  Probe  
  55  4:55  Probe  
  55  4:57  Stalker, Probe  
  60  5:07  Probe, Warp Prism  
  60  5:09  Protoss Ground Weapons Level 1  
  60  5:10  Probe  
  63  5:17  Assimilator x2  
  63  5:19  Probe  
  64  5:23  Probe  
  64  5:26  Pylon  
  65  5:32  Probe  
  65  5:35  Probe  
  67  5:37  Pylon  
  67  5:43  Twilight Council  
  67  5:44  Probe  
  67  5:47  Probe  
  67  5:49  Immortal  
  74  6:04  Charge  
  74  6:05  Gateway  
  74  6:08  Gateway  
  73  6:12  Gateway  
  73  6:14  Gateway  
  73  6:40  Probe, Gateway  
  73  6:42  Gateway  
  73  6:45  Pylon  
  78  6:50  Zealot x2  
  78  6:56  Templar Archives  
  78  7:01  Nexus  
  78  7:04  Pylon  
  78  7:15  Zealot  
  78  7:16  Zealot x2  
  84  7:23  Zealot x2  
  84  7:25  Pylon  
  84  7:27  Zealot  
  90  7:41  High Templar x4  
  98  7:44  Zealot, High Templar  
  98  7:45  High Templar, Archon x2  
  98  7:49  Archon  
  104  8:02  Pylon  
  104  8:15  Zealot  
  104  8:16  Zealot x6  
  108  8:29  Zealot  
  92  8:34  Zealot  
  92  8:36  Zealot x4  
Show
View Real Time Build Order
Export as new Build Order

MCanning Protoss 

Build Orders: Blink Stalkers, Zealot Archon 

Get SALT Encoding   

  12  0:00  Probe  
  13  0:12  Probe  
  14  0:19  Pylon  
  14  0:25  Probe  
  15  0:34  Probe  
  15  0:39  Gateway  
  15  0:42  Probe  
  16  0:48  Assimilator  
  17  0:50  Probe  
  18  0:57  Assimilator  
  18  0:58  Probe  
  19  1:06  Probe  
  20  1:14  Gateway  
  20  1:17  Probe  
  21  1:28  Cybernetics Core  
  21  1:31  Probe  
  22  1:39  Pylon  
  22  1:43  Probe  
  23  1:54  Warp Gate  
  24  2:04  Stalker x2  
  27  2:11  Pylon  
  27  2:14  Probe  
  28  2:26  Twilight Council  
  28  2:35  Sentry  
  30  2:55  Nexus  
  30  2:59  Probe  
  30  3:02  Sentry  
  33  3:12  Probe  
  34  3:15  Pylon  
  34  3:16  Blink  
  34  3:24  Probe  
  35  3:32  Probe  
  35  3:40  Probe  
  36  3:44  Adept x2  
  41  3:50  Probe  
  42  3:58  Robotics Facility  
  42  4:02  Probe  
  43  4:06  Probe  
  44  4:10  Probe  
  44  4:14  Probe  
  45  4:18  Probe  
  45  4:22  Probe  
  47  4:25  Forge  
  47  4:28  Probe  
  49  4:34  Probe  
  49  4:38  Protoss Ground Weapons Level 1  
  50  4:41  Probe  
  50  4:45  Assimilator  
  49  4:46  Observer, Probe  
  49  4:47  Assimilator  
  49  4:51  Pylon  
  49  4:53  Probe  
  49  4:58  Probe  
  51  5:05  Probe  
  52  5:10  Immortal, Probe  
  57  5:17  Probe  
  57  5:20  Shield Battery  
  57  5:21  Shield Battery  
  58  5:28  Twilight Council  
  58  5:30  Gateway, Templar Archives  
  58  5:34  Pylon  
  58  5:37  Gateway  
  58  5:42  Sentry  
  60  5:46  Stalker  
  60  5:49  Pylon  
  62  5:52  Pylon  
  62  5:59  Immortal  
  66  6:06  Charge  
  66  6:13  Protoss Ground Weapons Level 2  
  66  6:20  Nexus  
  66  6:22  Pylon  
  66  6:27  Stalker x2  
  67  6:33  Probe  
  67  6:36  Probe  
  69  6:50  Gateway  
  69  6:52  Gateway  
  69  6:57  Gateway  
  69  7:02  Gateway  
  69  7:06  High Templar x2  
  73  7:11  Archon  
  73  7:18  Probe  
  74  7:23  Zealot x2  
  74  7:27  Immortal  
  74  7:28  Pylon  
  82  7:39  High Templar x2  
  82  7:40  Probe  
  82  7:43  Shield Battery  
  87  7:44  Shield Battery  
  87  7:45  Archon  
  87  7:46  Zealot x2  
  87  7:50  Zealot  
  93  7:53  Zealot  
  93  7:56  Probe x2  
  97  8:00  Zealot  
  99  8:08  High Templar  
  99  8:09  High Templar  
  101  8:13  Zealot x2, Archon  
  101  8:14  Zealot  
  95  8:28  Zealot x3  
  85  8:35  Zealot x3  
  70  8:41  Zealot x2  
  56  8:51  High Templar x2  
Tags
 
Add a new tag
Caveats
  • Supply blocks, unpowered buildings, or Contaminate may cause inaccurate times.
  • Supply counts are checked every 10 seconds.